 Dungeon Crawl Stone Soup version 0.20.1-4-g4af34eaf8e (webtiles) character file.

227 Alfie the Shooter (level 5, -3/45 HPs)
             Began as a Minotaur Hunter on Mar 5, 2020.
             Slain by Sigmund
             ... wielding a +0 scythe
              (13 damage)
             ... on level 3 of the Dungeon.
             The game lasted 00:06:08 (1909 turns).

Alfie the Shooter (Minotaur Hunter)                 Turns: 1909, Time: 00:06:09

Health: -3/45      AC:  3    Str: 17    XL:     5   Next: 70%
Magic:  4/4        EV: 12    Int:  8    God:
Gold:   161        SH:  0    Dex: 11    Spells: 4/4 levels left

rFire    . . .     SeeInvis .   b - +0 short sword
rCold    . . .     Gourm    .   (no shield)
rNeg     . . .     Faith    .   c - +0 leather armour
rPois    .         Spirit   .   (helmet restricted)
rElec    .         Reflect  .   (no cloak)
rCorr    .         Harm     .   (no gloves)
MR       .....                  (no boots)
Stlth    +.........             (no amulet)
Regen    0.2/turn               (no ring)
MPRegen  0.1/turn               (no ring)

@: no status effects
A: retaliatory headbutt, horns 2
a: no special abilities


You were on level 3 of the Dungeon.
You were not hungry.

You visited 1 branch of the dungeon, and saw 3 of its levels.

You collected 161 gold pieces.

Inventory:

Hand Weapons
 a - a +1 shortbow
 b - a +0 short sword (weapon)
Missiles
 q - 9 arrows
Armour
 c - a +0 leather armour (worn)
Scrolls
 e - 2 scrolls of magic mapping
 g - a scroll of fog
 h - 4 scrolls of identify
 l - a scroll of remove curse
 o - a scroll of fear {unknown}
Potions
 d - a potion of haste {unknown}
 j - a potion of curing
 k - a potion of ambrosia
 m - a potion of brilliance {unknown}
 n - a potion of lignification {unknown}
 p - a potion of agility {unknown}
Comestibles
 f - 4 bread rations
 i - a royal jelly


   Skills:
 + Level 3.2 Fighting
 + Level 1.3 Short Blades
 + Level 6.5 Bows
 + Level 2.0 Armour
 + Level 2.8 Dodging
 + Level 1.0 Stealth


You had 4 spell levels left.
You didn't know any spells.

Dungeon Overview and Level Annotations

Branches:
Dungeon (3/15)

Altars:
Elyvilon
Zin

Annotations:
D:3 Sigmund


Innate Abilities, Weirdness & Mutations

You reflexively headbutt those who attack you in melee.
You have a pair of horns on your head.


Message History

There is an open door here.
A hobgoblin is nearby!
The hobgoblin shouts!
Sigmund the Dreaded comes into view.
He is wielding a scythe.
Sigmund shouts!
Sigmund mumbles some strange words.
Sigmund flickers and vanishes!
Deactivating autopickup; reactivate with Ctrl-A.
You hit the hobgoblin. You headbutt the hobgoblin.
You kill the hobgoblin!
You see here a hobgoblin corpse.
Something hits you!
You hit something but do no damage. Something hits you!
The orc shouts!
You hit something. Something hits you.
* * * LOW HITPOINT WARNING * * *
An orc comes into view. It is wielding a club.
You closely miss something. You hit something but do no damage.
Something hits you!
You die...

....................>..
#..).....†....)........
........[###..........o
..#+#....###.....####..
..#.#....#.......#
..#...>..'.......+
..#......#......†# #
#.#.†....#.......##..#
<........#......@....#
#....##..........{...#
+....+..##.........o.o..
#....#####..............
#...†#.....###.#........
#....#.....###.####.....
#.............. .....
###.........### .....
..'......##.###### ...


You could see 2 orcs.

Vanquished Creatures
  3 orc priests
  Terence (D:2)
  An orc wizard (D:2)
  4 adders
  2 worms (D:3)
  A dart slug (D:2)
  2 leopard geckos
  6 orcs
  5 goblins
  4 hobgoblins
  2 jackals (D:3)
  2 kobolds
  A quokka (D:3)
  4 bats
  3 frilled lizards
  4 rats
45 creatures vanquished.

Notes
Turn   | Place    | Note
-------+----------+-------------------------------------------
     0 | D:1      | Alfie the Minotaur Hunter began the quest for the Orb.
     0 | D:1      | Reached XP level 1. HP: 18/18 MP: 0/0
   582 | D:1      | Reached XP level 2. HP: 25/25 MP: 1/1
   949 | D:2      | Reached skill level 5 in Bows
   980 | D:2      | Noticed Terence
   986 | D:2      | Killed Terence
   986 | D:2      | Reached XP level 3. HP: 30/30 MP: 2/2
  1019 | D:2      | Found a faded altar of an unknown god.
  1335 | D:2      | Reached skill level 6 in Bows
  1335 | D:2      | Reached XP level 4. HP: 22/37 MP: 3/3
  1344 | D:2      | Reached skill level 1 in Armour
  1598 | D:2      | Reached XP level 5. HP: 30/44 MP: 4/4
  1716 | D:3      | Found a white marble altar of Elyvilon.
  1716 | D:3      | Found a glowing silver altar of Zin.
  1833 | D:3      | Reached skill level 1 in Short Blades
  1833 | D:3      | Reached skill level 1 in Stealth
  1899 | D:3      | Noticed Sigmund
  1909 | D:3      | Slain by Sigmund

Skill      XL: |  1  2  3  4  5 |
---------------+----------------+-----
Bows           | 5 6 |  6.5
Armour         | 1 2 |  2.0
Fighting       | 3 |  3.2
Short Blades   | 1 |  1.3
Stealth        | 1 |  1.0
Dodging        | |  2.8

Action                   |  1- 3 |  4- 6 || total
-------------------------+-------+-------++-------
Melee: Short sword       |     2 |    57 ||    59
       Headbutt          |       |     8 ||     8
 Fire: Shortbow          |    51 |    30 ||    81
  Use: Scroll            |     4 |     2 ||     6
       Potion            |       |     2 ||     2
  Eat: Fruit             |     1 |       ||     1
       Bread ration      |       |     1 ||     1
Armor: Leather armour    |     2 |     6 ||     8
Dodge: Dodged            |    12 |    37 ||    49
